 Dungeon Crawl Stone Soup version 0.31-a0-816-gd61d57ddb1 (webtiles) character file.

Game seed: 15993156879472142901

31 Essalna the Conjurer (level 3, -2/24 HPs)
             Began as a Demonspawn Conjurer on Sept 22, 2023.
             Frozen to death by an endoplasm (7 damage)
             ... on level 2 of the Dungeon.
             The game lasted 00:02:01 (1337 turns).

Essalna the Conjurer (Demonspawn Conjurer)          Turns: 1337, Time: 00:02:01

Health: -2/24      AC:  9    Str:  7    XL:     3   Next: 7%
Magic:  6/7        EV: 11    Int: 21    God:
Gold:   83         SH:  8    Dex: 13    Spells: 6/7 levels left

rFire   + . .        e - +2 dagger (drain)
rCold   x . .        m - +0 buckler
rNeg    . . .        p - +5 leather armour of Classification {rElec rF+ rC- Dex+2}
rPois   .            (no helmet)
rElec   +            i - +0 cloak
rCorr   .            (no gloves)
SInv    .            (no boots)
Will    .....        (no amulet)
Stlth   ++           (no ring)
HPRegen 0.24/turn    (no ring)
MPRegen 0.10/turn

%: no passive effects
@: no status effects
A: sturdy frame 1, condensation shield
a: no special abilities


You were on level 2 of the Dungeon.
You visited 1 branch of the dungeon, and saw 2 of its levels.

You collected 83 gold pieces.

Inventory:

Hand Weapons
 d - a +0 dagger
 e - a +2 dagger of draining (weapon)
Missiles
 o - 5 curare-tipped darts
Armour
 a - a +0 robe
 i - a +0 cloak (worn)
 m - a +0 buckler (worn)
 p - the +5 leather armour of Classification (worn) {rElec rF+ rC- Dex+2}
   (You found it on level 2 of the Dungeon)

   Dex+2:     It affects your dexterity (+2).
   rF+:       It protects you from fire.
   rC-:       It makes you vulnerable to cold.
   rElec:     It insulates you from electricity.
Scrolls
 c - a scroll of blinking {unknown}
 g - a scroll of enchant weapon {unknown}
 h - a scroll of amnesia {unknown}
 j - 2 scrolls of identify {unknown}
 k - a scroll of vulnerability {unknown}
 l - a scroll of enchant armour {unknown}
Potions
 b - a potion of magic
 f - a potion of invisibility {unknown}
 n - a potion of mutation {unknown}


   Skills:
 - Level 1.7 Dodging
 - Level 1.7 Stealth
 + Level 0.5 Shields
 + Level 2.6 Spellcasting
 + Level 4.4 Conjurations


You had 6 spell levels left.
You knew the following spells:

 Your Spells              Type           Power      Damage    Failure   Level
a - Magic Dart            Conj           84%        1d7       4%          1

Your spell library contained the following spells:

 Spells                   Type           Power      Damage    Failure   Level
 Searing Ray              Conj           42%        2d6       6%          2
 Dazzling Flash           Conj/Hex       24%        N/A       30%         3
 Fulminant Prism          Conj/Hex       6%         3d7       71%         4
 Iskenderun's Mystic Bla  Conj/Tloc      12%        2d5       71%         4


Dungeon Overview and Level Annotations

Branches:
Dungeon (2/15)

Altars:


Innate Abilities, Weirdness & Mutations

Your movements are slightly less encumbered by armour. (ER -2)
A meltable shield of frost defends you. (SH +4)


Message History

Press: ? - help, Dir - move target, f - you That would be overly suicidal.
Okay, then.
Unknown command.
An endoplasm comes into view.
You are too injured to fight recklessly!
You are too injured to fight recklessly!
You are too injured to fight recklessly!
An endoplasm comes into view.
The endoplasm freezes you.
You are frozen!
You feel a terrible chill! You block the endoplasm's attack.
The endoplasm hits you but does no damage.
The endoplasm freezes you.
You are frozen.
You feel a terrible chill!
The endoplasm hits you but does no damage.
You block the endoplasm's attack.
The endoplasm quivers.
The endoplasm freezes you.
You are frozen.
The endoplasm barely misses you. You block the endoplasm's attack.
The endoplasm freezes you.
You are frozen.
The endoplasm hits you but does no damage.
The endoplasm completely misses you. The endoplasm barely misses you.
The endoplasm closely misses you. The endoplasm completely misses you.
You block the endoplasm's attack.
The endoplasm hits you but does no damage.
The endoplasm barely misses you.
The endoplasm hits you but does no damage.
The endoplasm freezes you.
You are frozen!
You feel a terrible chill!
* * * LOW HITPOINT WARNING * * *
The endoplasm hits you but does no damage.
The endoplasm freezes you.
You are frozen!
You feel a terrible chill!
You die...

#......#####.#
#......#...#.## ##
#......#......# .#
#......#......# .#
##'##.##......# .##
#.##.##......#
..###.##.##......#
......##..'......+ ####.
.......####.....@##....wK
.......# #...#'#JJ.).#
.......# #...#.#.....(#
#...#### #...#.#......#
#...# #####.#......#
....# #.#........ .....
#.#........ ..#
..#........ ..#........


You could see 2 endoplasms.

Vanquished Creatures
  2 dart slugs
  2 worms (D:2)
  2 ball pythons (D:1)
  A giant cockroach (D:1)
  2 hobgoblins
  4 kobolds
  3 quokkas
  3 bats
  A frilled lizard (D:1)
  2 rats (D:1)
22 creatures vanquished.

Notes
Turn   | Place    | Note
-------+----------+-------------------------------------------
     0 | D:1      | Essalna the Demonspawn Conjurer began the quest for the
                  | Orb.
     0 | D:1      | Reached XP level 1. HP: 13/13 MP: 3/3
    90 | D:1      | Found a faded altar of an unknown god.
   223 | D:1      | Gained mutation: Your movements are slightly less
                  | encumbered by armour. (ER -2) [demonic ancestry]
   223 | D:1      | Reached XP level 2. HP: 19/19 MP: 1/5
  1121 | D:2      | Identified the +5 leather armour of Classification {rElec
                  | rF+ rC- Dex+2}
  1298 | D:2      | Gained mutation: A meltable shield of frost defends you.
                  | (SH +4) [demonic ancestry]
  1298 | D:2      | Reached XP level 3. HP: 15/24 MP: 2/6
  1337 | D:2      | Frozen to death by an endoplasm

Illustrated notes

Levels and vault maps discovered:
D:1:      lightli_arrival_windingriver, layout_basic,
          hellmonk_ecumenical_altar_lost_god, serial_bayou_lagoon_a
D:2:      layout_basic, serial_park_tiny_2, minivault_26, minmay_pentomino_q4

Action                     || total
---------------------------++-------
  Melee: Dagger            ||    29
   Cast: Magic Dart        ||    40
 Armour: Robe              ||    11
         Leather armour    ||    13
  Dodge: Dodged            ||    19
  Block: Buckler           ||     5

Table legend: (Time is in decaauts)
 A = Elapsed time spent in this place.
 B = Non-inter-level travel time spent in this place.
 C = Inter-level travel time spent in this place.
 D = Time resting spent in this place.
 E = Time spent auto-exploring this place.
 F = Levels seen in this place.
 G = Mean time per level.
                   A        B        C        D        E       F      G
               +--------+--------+--------+--------+--------+-----+--------+
         Total |   1345 |   1313 |     32 |      0 |   1087 |   2 |  672.5 |
       Dungeon |   1345 |   1313 |     32 |      0 |   1087 |   2 |  672.5 |
               +--------+--------+--------+--------+--------+-----+--------+

Top non-repeatable levels by time:
     D:1: 988 daAuts
     D:2: 357 daAuts
